ESL (28 & UNDER)
READING RAINBOWS @ BUFFALO LIGHTSABRES
09/01/2028
 
TOP OF THE 1ST
Reading Rainbows batting - Pitching for Buffalo LightSabres : RHP Jorge Madrigal
Pitching: RHP Jorge Madrigal
Batting: RHB Jeff Townsley 0-0: Ball
1-0: Called Strike
1-1: DOUBLE (Line Drive, 89D)
Batting: RHB José Moreno 0-0: Ball
1-0: Ground out 4-3 (Groundball, 34)
Jeff Townsley to third
Batting: LHB Júlio Lorenzo 0-0: Ball
1-0: Called Strike
1-1: Ball
2-1: SINGLE (Groundball, 4MD)
Jeff Townsley scores
Batting: RHB Ethan Moore 0-0: Ball
1-0: Ball
2-0: Ball
Júlio Lorenzo steals 2nd base
3-0: Called Strike
3-1: Called Strike
3-2: Fly out, F4 (Line Drive, 4)
Batting: RHB Germán Romero 0-0: Ball
1-0: Called Strike
1-1: Ball
2-1: Ball
3-1: Base on Balls
Batting: RHB Howard Johnson 0-0: Ball
1-0: Ball
2-0: Ball
3-0: Base on Balls
Júlio Lorenzo to third
Germán Romero to second
Batting: LHB Richard Henry 0-0: Ball
1-0: Swinging Strike
1-1: Swinging Strike
1-2: Strikes out swinging
Top of the 1st over - 1 run(s), 2 hit(s), 0 error(s), 3 left on base; Reading 1 - Buffalo 0
BOTTOM OF THE 1ST
Buffalo LightSabres batting - Pitching for Reading Rainbows : LHP Armando Rodríguez
Pitching: LHP Armando Rodríguez
Batting: LHB Matt Ruskin 0-0: Fly out, F8 (Flyball, 8RS)
Batting: RHB Mario Solís 0-0: Called Strike
0-1: SINGLE (Groundball, 6D)
Batting: LHB Zack Payton 0-0: Called Strike
0-1: Called Strike
0-2: Strikes out looking
Batting: RHB Gabriel Ángel 0-0: Called Strike
0-1: Called Strike
0-2: Ball
1-2: Ball
2-2: Foul Ball, location: 2F
2-2: Ball
Error on foul ball, E7
3-2: Base on Balls
Mario Solís to second
Batting: RHB John Warren 0-0: Called Strike
0-1: Foul Ball, location: 2F
0-2: Ball
Wild Pitch!
Mario Solís to third
Gabriel Ángel to second
1-2: Ground out 5-3 (Groundball, 56)
Bottom of the 1st over - 0 run(s), 1 hit(s), 1 error(s), 2 left on base; Reading 1 - Buffalo 0
TOP OF THE 2ND
Reading Rainbows batting - Pitching for Buffalo LightSabres : RHP Jorge Madrigal
Batting: SHB Dan Chandler 0-0: Ball
1-0: Ball
2-0: Called Strike
2-1: Foul Ball, location: 2F
2-2: Ball
3-2: Strikes out swinging
Batting: RHB Hubert Brown 0-0: Called Strike
0-1: Ball
1-1: Ground out 6-3 (Groundball, 6)
Batting: RHB Jeff Townsley 0-0: SINGLE (Line Drive, 6)
Batting: RHB José Moreno 0-0: Foul Ball, location: 2F
0-1: Swinging Strike
0-2: Ball
1-2: Strikes out swinging
Top of the 2nd over - 0 run(s), 1 hit(s), 0 error(s), 1 left on base; Reading 1 - Buffalo 0
BOTTOM OF THE 2ND
Buffalo LightSabres batting - Pitching for Reading Rainbows : LHP Armando Rodríguez
Batting: SHB Clifton Hampton 0-0: Ball
1-0: Ground out 5-3 (Groundball, 56)
Batting: RHB Huub Stolk 0-0: Foul Ball, location: 2F
0-1: Ball
1-1: Foul Ball, location: 2F
1-2: Ground out U3 (Groundball, 3)
Batting: RHB Mike Wagner 0-0: Ball
1-0: Ball
2-0: Called Strike
2-1: Swinging Strike
2-2: SINGLE (Groundball, 34D)
Batting: RHB Pedro Romero 0-0: Called Strike
0-1: Ball
1-1: SINGLE (Groundball, 56S) (infield hit)
Mike Wagner to second
Batting: LHB Matt Ruskin 0-0: Foul Ball, location: 2F
0-1: Foul Ball, location: 2F
0-2: Ball
1-2: Ball
2-2: Foul Ball, location: 2F
2-2: SINGLE (Groundball, 4D)
Mike Wagner to third
Pedro Romero to second
Runner from 3rd tries for Home, SAFE, no throw
Batting: RHB Mario Solís 0-0: Ball
1-0: Called Strike
1-1: SINGLE (Groundball, 6MD)
Pedro Romero to third
Matt Ruskin to second
Runner from 3rd tries for Home, SAFE, no throw
Batting: LHB Zack Payton 0-0: Ball
1-0: Ball
2-0: Ball
3-0: Called Strike
3-1: Swinging Strike
3-2: Base on Balls
Matt Ruskin to third
Mario Solís to second
Batting: RHB Gabriel Ángel 0-0: Called Strike
0-1: Swinging Strike
0-2: Strikes out swinging
Bottom of the 2nd over - 2 run(s), 4 hit(s), 0 error(s), 3 left on base; Reading 1 - Buffalo 2
TOP OF THE 3RD
Reading Rainbows batting - Pitching for Buffalo LightSabres : RHP Jorge Madrigal
Batting: LHB Júlio Lorenzo 0-0: Ball
1-0: SINGLE (Line Drive, 6MD)
Batting: RHB Ethan Moore 0-0: Called Strike
0-1: Reached on error, E6 (Groundball, 6S)
Júlio Lorenzo to second
Batting: RHB Germán Romero 0-0: Called Strike
0-1: Ball
1-1: Ball
2-1: Foul Ball, location: 2F
2-2: Fielders Choice at 2nd, 1-6 (Groundball, 13S)
Júlio Lorenzo to third
Batting: RHB Howard Johnson 0-0: Foul Ball, location: 2F
0-1: Swinging Strike
0-2: Strikes out swinging
Batting: LHB Richard Henry 0-0: SINGLE (Line Drive, 78S)
Júlio Lorenzo scores
Germán Romero to second
Batting: SHB Dan Chandler 0-0: Called Strike
0-1: Ball
1-1: Fly out, F8 (Flyball, 8RD)
Top of the 3rd over - 1 run(s), 2 hit(s), 1 error(s), 2 left on base; Reading 2 - Buffalo 2
BOTTOM OF THE 3RD
Buffalo LightSabres batting - Pitching for Reading Rainbows : LHP Armando Rodríguez
Batting: RHB John Warren 0-0: Ball
1-0: Ground out 4-3 (Groundball, 4)
Batting: SHB Clifton Hampton 0-0: Called Strike
0-1: Ball
1-1: Swinging Strike
1-2: Ball
2-2: Strikes out swinging
Batting: RHB Huub Stolk 0-0: Called Strike
0-1: Called Strike
0-2: Ball
1-2: Foul Ball, location: 2F
1-2: Foul Ball, location: 2F
1-2: Foul Ball, location: 2F
1-2: Strikes out swinging
Bottom of the 3rd over - 0 run(s), 0 hit(s), 0 error(s), 0 left on base; Reading 2 - Buffalo 2
TOP OF THE 4TH
Reading Rainbows batting - Pitching for Buffalo LightSabres : RHP Jorge Madrigal
Batting: RHB Hubert Brown 0-0: Ball
1-0: Ball
2-0: Ball
3-0: Called Strike
3-1: Base on Balls
Batting: RHB Jeff Townsley 0-0: Called Strike
0-1: Ball
1-1: Swinging Strike
1-2: Foul Ball, location: 2F
1-2: Strikes out swinging
Batting: RHB José Moreno 0-0: Foul Ball, location: 2F
0-1: Ball
1-1: Fly out, F8 (Flyball, 89M)
Batting: LHB Júlio Lorenzo 0-0: Ball
1-0: Swinging Strike
1-1: Swinging Strike
1-2: Strikes out swinging
Top of the 4th over - 0 run(s), 0 hit(s), 0 error(s), 1 left on base; Reading 2 - Buffalo 2
BOTTOM OF THE 4TH
Buffalo LightSabres batting - Pitching for Reading Rainbows : LHP Armando Rodríguez
Batting: RHB Mike Wagner 0-0: Foul Ball, location: 2F
0-1: Ball
1-1: DOUBLE (Flyball, 9)
Batting: RHB Pedro Romero 0-0: Ball
1-0: Ball
2-0: SINGLE (Groundball, 6MS) (infield hit)
Mike Wagner to third
Batting: LHB Matt Ruskin 0-0: Fielders Choice at 2nd, 3-6 (Groundball, 3)
Mike Wagner scores
Batting: RHB Mario Solís 0-0: Ball
1-0: Swinging Strike
1-1: SINGLE (Flyball, 8LS)
Matt Ruskin to second
Batting: LHB Zack Payton 0-0: Called Strike
0-1: SINGLE (Line Drive, 7LS)
Matt Ruskin to third
Mario Solís to second
Batting: RHB Gabriel Ángel 0-0: Fly out, F9 (Line Drive, 89M)
Runner from 3rd tags up, SCORES, no throw
Batting: RHB John Warren 0-0: Ball
1-0: Called Strike
1-1: Swinging Strike
1-2: Ball
2-2: Foul Ball, location: 2F
2-2: Ball
3-2: Foul Ball, location: 2F
3-2: Strikes out looking
Bottom of the 4th over - 2 run(s), 4 hit(s), 0 error(s), 2 left on base; Reading 2 - Buffalo 4
TOP OF THE 5TH
Reading Rainbows batting - Pitching for Buffalo LightSabres : RHP Jorge Madrigal
Batting: RHB Ethan Moore 0-0: Ball
1-0: Foul Ball, location: 2F
1-1: Fly out, F7 (Flyball, 78D)
Batting: RHB Germán Romero 0-0: Ball
1-0: Foul Ball, location: 2F
1-1: Ball
2-1: Ball
3-1: Base on Balls
Batting: RHB Howard Johnson 0-0: Fielders Choice at 2nd, 6-4 (Groundball, 6)
Batting: LHB Richard Henry 0-0: Swinging Strike
0-1: Ball
1-1: Called Strike
1-2: Ground out 1-3 (Groundball, P)
Top of the 5th over - 0 run(s), 0 hit(s), 0 error(s), 1 left on base; Reading 2 - Buffalo 4
BOTTOM OF THE 5TH
Buffalo LightSabres batting - Pitching for Reading Rainbows : LHP Armando Rodríguez
Batting: SHB Clifton Hampton 0-0: SINGLE (Groundball, 4D)
Batting: RHB Huub Stolk 0-0: Ball
Clifton Hampton is caught stealing 2nd base
1-0: Called Strike
1-1: Ball
2-1: Ball
3-1: Foul Ball, location: 2F
3-2: Base on Balls
Batting: RHB Mike Wagner 0-0: Ball
1-0: Foul Ball, location: 2F
1-1: Ball
2-1: Called Strike
2-2: Ball
3-2: Foul Ball, location: 2F
3-2: DOUBLE (Line Drive, 78S)
Huub Stolk to third
Runner from 3rd tries for Home, SAFE, throw made home
Pitching: RHP Cory Powell
Batting: RHB Pedro Romero 0-0: Fly out, F7 (Line Drive, 78D)
Batting: LHB Matt Ruskin 0-0: Foul Ball, location: 2F
0-1: Ball
1-1: Called Strike
1-2: Ground out 4-3 (Groundball, 4)
Bottom of the 5th over - 1 run(s), 2 hit(s), 0 error(s), 1 left on base; Reading 2 - Buffalo 5
TOP OF THE 6TH
Reading Rainbows batting - Pitching for Buffalo LightSabres : RHP Jorge Madrigal
Batting: SHB Dan Chandler 0-0: Bunt for hit - play at first, batter OUT! 5-3
Batting: RHB Hubert Brown 0-0: Ball
1-0: Ball
2-0: Foul Ball, location: 2F
2-1: SINGLE (Line Drive, 89S)
Batting: RHB Jeff Townsley 0-0: Called Strike
0-1: Called Strike
0-2: Ball
1-2: Ball
2-2: Strikes out swinging
Pitching: RHP Domingo Rodríguez
Batting: RHB José Moreno 0-0: Called Strike
Hubert Brown is caught stealing 2nd base
Top of the 6th over - 0 run(s), 1 hit(s), 0 error(s), 0 left on base; Reading 2 - Buffalo 5
BOTTOM OF THE 6TH
Buffalo LightSabres batting - Pitching for Reading Rainbows : RHP Cory Powell
Batting: RHB Mario Solís 0-0: Ball
1-0: Swinging Strike
1-1: Called Strike
1-2: Ball
2-2: Strikes out looking
Batting: LHB Zack Payton 0-0: Ball
1-0: Ball
2-0: Foul Ball, location: 2F
2-1: Fly out, F7 (Flyball, 7)
Batting: RHB Gabriel Ángel 0-0: Ball
1-0: Foul Ball, location: 2F
1-1: Foul Ball, location: 2F
1-2: Fly out, F7 (Flyball, 7S)
Bottom of the 6th over - 0 run(s), 0 hit(s), 0 error(s), 0 left on base; Reading 2 - Buffalo 5
TOP OF THE 7TH
Reading Rainbows batting - Pitching for Buffalo LightSabres : RHP Domingo Rodríguez
Batting: RHB José Moreno 0-0: Called Strike
0-1: Foul Ball, location: 2F
0-2: Strikes out looking
Batting: LHB Júlio Lorenzo 0-0: Ball
1-0: Called Strike
1-1: DOUBLE (Flyball, 7D)
Batting: RHB Ethan Moore 0-0: Called Strike
0-1: Ball
1-1: Foul Ball, location: 2F
1-2: Foul Ball, location: 2F
1-2: Ball
2-2: Ball
Wild Pitch!
Júlio Lorenzo to third
3-2: Foul Ball, location: 2F
3-2: Strikes out swinging
Batting: RHB Germán Romero 0-0: Foul Ball, location: 2F
0-1: Ball
1-1: Ball
2-1: Foul Ball, location: 2F
2-2: Ball
3-2: Foul Ball, location: 2F
3-2: Base on Balls
Batting: RHB Howard Johnson 0-0: Foul Ball, location: 2F
0-1: SINGLE (Groundball, 34D)
Júlio Lorenzo scores
Germán Romero to second
Runner from 2nd tries for 3rd, SAFE, no throw
Batting: LHB Richard Henry 0-0: Called Strike
0-1: Ball
1-1: Ball
2-1: Swinging Strike
2-2: Ball
3-2: Foul Ball, location: 2F
3-2: Strikes out swinging
Top of the 7th over - 1 run(s), 2 hit(s), 0 error(s), 2 left on base; Reading 3 - Buffalo 5
BOTTOM OF THE 7TH
Buffalo LightSabres batting - Pitching for Reading Rainbows : RHP Cory Powell
Batting: RHB John Warren 0-0: Ball
1-0: Called Strike
1-1: Ball
2-1: Fly out, F8 (Flyball, 89M)
Batting: SHB Clifton Hampton 0-0: Ground out 4-3 (Groundball, 34)
Batting: RHB Huub Stolk 0-0: Ball
1-0: Ball
2-0: Ball
3-0: Base on Balls
Batting: RHB Mike Wagner 0-0: Ball
1-0: Foul Ball, location: 2F
1-1: SINGLE (Flyball, 9S)
Huub Stolk to second
Runner from 2nd tries for 3rd, OUT!
Bottom of the 7th over - 0 run(s), 1 hit(s), 0 error(s), 1 left on base; Reading 3 - Buffalo 5
TOP OF THE 8TH
Reading Rainbows batting - Pitching for Buffalo LightSabres : RHP Domingo Rodríguez
Batting: SHB Dan Chandler 0-0: Called Strike
0-1: Swinging Strike
0-2: Ground out 6-3 (Groundball, 6)
Batting: RHB Hubert Brown 0-0: Ball
1-0: Foul Ball, location: 2F
1-1: Ball
2-1: Ball
3-1: Fly out, F9 (Flyball, 9)
Pitching: RHP Jeremias Pereirinha
Batting: RHB Jeff Townsley 0-0: Swinging Strike
0-1: Ball
1-1: Fly out, F9 (Line Drive, 9S)
Top of the 8th over - 0 run(s), 0 hit(s), 0 error(s), 0 left on base; Reading 3 - Buffalo 5
BOTTOM OF THE 8TH
Buffalo LightSabres batting - Pitching for Reading Rainbows : RHP Cory Powell
Batting: RHB Pedro Romero 0-0: Fly out, F7 (Flyball, 78M)
Pitching: RHP Luis Silva
Batting: LHB Matt Ruskin 0-0: DOUBLE (Flyball, 7LM)
Batting: RHB Mario Solís 0-0: Called Strike
0-1: Ball
1-1: Swinging Strike
1-2: Fly out, F9 (Flyball, 9S)
Batting: LHB Zack Payton 0-0: Swinging Strike
0-1: Swinging Strike
0-2: Foul Ball, location: 2F
0-2: Ball
1-2: Strikes out swinging
Bottom of the 8th over - 0 run(s), 1 hit(s), 0 error(s), 1 left on base; Reading 3 - Buffalo 5
TOP OF THE 9TH
Reading Rainbows batting - Pitching for Buffalo LightSabres : RHP Jeremias Pereirinha
Pitching: RHP Gerardo García
Batting: RHB José Moreno 0-0: Ball
1-0: Ball
2-0: Ball
3-0: Called Strike
3-1: Foul Ball, location: 2F
3-2: Base on Balls
Batting: LHB Júlio Lorenzo 0-0: Ball
1-0: Ball
2-0: Called Strike
2-1: Ball
3-1: Swinging Strike
3-2: Base on Balls
José Moreno to second
Pinch Hitting: LHB Shane Lynch 0-0: Fly out, F8 (Flyball, 8RD)
Runner from 2nd tags up, SAFE at 3rd, no throw
Batting: RHB Germán Romero 0-0: Ball
1-0: Ball
2-0: Called Strike
2-1: Foul Ball, location: 2F
2-2: Strikes out swinging
Batting: RHB Howard Johnson 0-0: Ball
1-0: Fielders Choice at 2nd, 4-6 (Groundball, 4)
Top of the 9th over - 0 run(s), 0 hit(s), 0 error(s), 1 left on base; Reading 3 - Buffalo 5
Tuesday, August 8th, 2017 - OOTP Baseball 17.12 Build 75